 Seeded DCSS version 0.27-a0-1193-g8631133539 (webtiles) character file.

Game seed: 13914059042498094423 (custom seed)

639 karrick the Covert (level 7, -1/48 HPs)
             Began as a Vampire Enchanter on May 27, 2021.
             Was an Initiate of Okawaru.
             Succumbed to a scorpion's poison
             ... on level 5 of the Dungeon.
             The game lasted 00:12:34 (4314 turns).

karrick the Covert (Vampire Enchanter)              Turns: 4314, Time: 00:12:35

Health: -1/48      AC:  2    Str:  8    XL:     7   Next: 26%
Magic:  11/11      EV: 13    Int: 17    God:    Okawaru [......]
Gold:   212        SH:  0    Dex: 16    Spells: 8/12 levels left

rFire    . . .     SeeInvis +   d - +1 dagger (freeze)
rCold    . . .     Faith    .   (no shield)
rNeg     . . .     Spirit   .   b - +0 robe
rPois    .         Reflect  .   (no helmet)
rElec    .         Harm     .   (no cloak)
rCorr    .         Rampage  .   (no gloves)
Will     .....                  (no boots)
Stlth    ++++......             (no amulet)
HPRegen  0.36/turn              (no ring)
MPRegen  0.12/turn              (no ring)

@: lethally poisoned (-1 -> -7), attractive, healing quickly
A: alive, fangs 3, see invisible, vampiric 2
a: Exsanguinate, Renounce Religion


You were on level 5 of the Dungeon.
You worshipped Okawaru.
Okawaru was noncommittal.
You visited 2 branches of the dungeon, and saw 6 of its levels.

You collected 212 gold pieces.

Inventory:

Hand Weapons
 d - a +1 dagger of freezing (weapon)
Missiles
 n - a throwing net
Armour
 b - a +0 robe (worn)
Wands
 r - a wand of flame (17)
Scrolls
 c - 4 scrolls of teleportation {unknown}
 e - 2 scrolls of fear {unknown}
 j - a scroll of noise {unknown}
 k - a scroll of holy word {unknown}
 l - a scroll of acquirement {unknown}
 m - 2 scrolls of identify {unknown}
 p - a scroll of silence {unknown}
 q - a scroll of amnesia {unknown}
Potions
 a - a potion of mutation {unknown}
 h - a potion of cancellation {unknown}
 i - a potion of magic
 o - a potion of degeneration {unknown}


   Skills:
 + Level 1.0 Fighting
 + Level 3.2 Short Blades
 + Level 2.7 Dodging
 * Level 9.0 Stealth
 + Level 3.0 Spellcasting
 * Level 7.3 Hexes


You had 8 spell levels left.
You knew the following spells:

 Your Spells              Type           Power      Damage    Failure   Level
a - Corona                Hex            30%        N/A       1%          1
b - Confusing Touch       Hex            27%        N/A       2%          3

Your spell library contained the following spells:

 Spells                   Type           Power      Damage    Failure   Level
 Tukima's Dance           Hex            27%        N/A       2%          3
 Ensorcelled Hibernation  Hex/Ice        30%        N/A       6%          2
 Dazzling Flash           Conj/Hex       30%        N/A       12%         3
 Magic Dart               Conj           8%         1d3       17%         1
 Searing Ray              Conj           4%         3d3       26%         2
 Fulminant Prism          Conj/Hex       7%         3d7       36%         4
 Gell's Gravitas          Tloc           1%         N/A       45%         3
 Metabolic Englaciation   Hex/Ice        7%         N/A       71%         5
 Yara's Violent Unravell  Hex/Tmut       7%         3d5       71%         5
 Iskenderun's Mystic Bla  Conj/Tloc      2%         2d3       86%         4
 Petrify                  Tmut/Erth      2%         N/A       86%         4


Dungeon Overview and Level Annotations

Branches:
Dungeon (5/15)             Temple (1/1) D:5

Altars:
Cheibriados
Dithmenos
Elyvilon
Fedhas
Gozag
Hepliaklqana
Nemelex Xobeh
Okawaru
Qazlal
Ru
Sif Muna
Trog
Uskayaw
Vehumet
Wu Jian
Xom
Yredelemnul
Zin
The Shining One
Beogh

Shops:
D:4 [

Annotations:
D:3 3 runed translucent doors, bande's ghost, amateur GrFi
D:4 2 runed translucent doors, Dowan; Duvessa
D:5 Edmund


Innate Abilities, Weirdness & Mutations

Your natural rate of healing is accelerated.
You have razor-sharp teeth.
You have supernaturally acute eyesight. (SInv)
You are afflicted with vampirism and can become a bat while bloodless.


Message History

You hit the scorpion but do no damage.
The scorpion appears confused.
Your bite misses the scorpion. The scorpion stings you.
* * * LOW HITPOINT WARNING * * *
You are lethally poisoned!
The scorpion poisons you! The scorpion closely misses you.
It was a potion of magic.
Magic courses through your body.
* * * LOW HITPOINT WARNING * * *
You feel very sick.
It was a potion of attraction.
You feel attractive to monsters.
* * * LOW HITPOINT WARNING * * *
You feel sick.
It was a potion of curing.
You feel better. The scorpion is pulled toward you!
You are too injured to fight recklessly!
You hit the scorpion but do no damage. The scorpion is pulled toward you!
You hit the scorpion. You freeze the scorpion.
The scorpion is lightly wounded.
The scorpion stops glowing.
The scorpion is pulled toward you!
You hit the scorpion. You freeze the scorpion.
The scorpion is heavily wounded.
The scorpion stings you!
* * * LOW HITPOINT WARNING * * *
You are lethally poisoned!
The scorpion poisons you!
Okay, then.
You catch the helpless scorpion completely off-guard!
You impale the scorpion!! You freeze the scorpion.
You kill the scorpion!
Okawaru accepts your kill.
* * * LOW HITPOINT WARNING * * *
You feel very sick.
Your Stealth skill increases to level 9!
Your Spellcasting skill increases to level 3!
Unknown command.
Okay, then.
Keep bloodletting?
* * * LOW HITPOINT WARNING * * *
You feel sick.
You begin bloodletting.
You continue bloodletting.
You die...

##.........#
##........##
#....#....#######
##.(^............
##...........##
#...###...####
#..## #..## ..#
##.# .# #@# #.#
#.# ###


There were no monsters in sight!

Vanquished Creatures
  Grinder (D:5)
  2 scorpions
  A wyvern skeleton (D:5)
  A howler monkey (D:5)
  A centaur zombie (D:5)
  A jelly (D:5)
  A bullfrog skeleton (D:5)
  An iguana (D:5)
  An adder (D:3)
  An ufetubus (D:5)
  An adder skeleton (D:4)
  5 worms
  2 dart slugs
  7 orcs
  5 bats
  6 endoplasms
  4 giant cockroaches (D:1)
  5 goblins
  5 hobgoblins
  6 jackals
  4 quokkas
  3 ball pythons
  4 frilled lizards
  6 kobolds
  18 rats
92 creatures vanquished.

Notes
Turn   | Place    | Note
-------+----------+-------------------------------------------
     0 | D:1      | karrick the Vampire Enchanter began the quest for the Orb.
     0 | D:1      | Reached XP level 1. HP: 13/13 MP: 3/3
    92 | D:1      | You fall into a shaft and drop 1 floor!
   226 | D:1      | Found a faded altar of an unknown god.
   231 | D:1      | Reached skill level 5 in Stealth
   273 | D:1      | Reached XP level 2. HP: 19/19 MP: 3/5
   316 | D:1      | You fall into a shaft and drop 1 floor!
   780 | D:1      | Gained mutation: You are afflicted with vampirism and can
                  | become a bat while bloodless. [Vampire growth]
   780 | D:1      | Reached XP level 3. HP: 21/24 MP: 6/6
   913 | D:1      | Reached skill level 5 in Hexes
  1014 | D:2      | Found a shadowy altar of Dithmenos.
  1150 | D:1      | Learned a level 3 spell: Confusing Touch
  1267 | D:2      | Reached skill level 6 in Stealth
  1831 | D:3      | Reached XP level 4. HP: 12/30 MP: 3/7
  2166 | D:3      | Found a runed translucent gate.
  2184 | D:3      | Found a runed translucent gate.
  2185 | D:3      | Found a runed translucent gate.
  2187 | D:3      | Noticed bande's ghost (amateur GrFi)
  2231 | D:3      | Identified the +5 whip of the People {flame, rF+ rC++
                  | Int+3}
  2231 | D:3      | Identified the +4 scale mail "Toyxac Tasil" {rElec rPois
                  | rF- rC+++ Dex-5}
  2647 | D:4      | Noticed Duvessa
  2676 | D:4      | Found Jiwk's Armour Emporium.
  2748 | D:4      | Noticed a scorpion
  2754 | D:3      | Killed a scorpion
  2755 | D:3      | Reached skill level 7 in Stealth
  2755 | D:3      | Reached XP level 5. HP: 17/36 MP: 4/8
  3019 | D:4      | Found a blossoming altar of Fedhas.
  3021 | D:4      | Found an ornate altar of the Wu Jian Council.
  3021 | D:4      | Found a shadowy altar of Dithmenos.
  3183 | D:4      | Found a large runed translucent door.
  3183 | D:4      | Found a large runed translucent door.
  3203 | D:4      | HP: 1/36 [acid (8)]
  3390 | D:4      | Noticed Dowan
  3409 | D:5      | Entered Level 5 of the Dungeon
  3560 | D:5      | Noticed Edmund
  3636 | D:5      | Noticed Grinder
  3638 | D:5      | Reached XP level 6. HP: 42/42 MP: 9/9
  3668 | D:5      | Killed Grinder
  3669 | D:5      | Reached skill level 8 in Stealth
  3825 | D:5      | Found a staircase to the Ecumenical Temple.
  3843 | Temple   | Entered the Ecumenical Temple
  4048 | Temple   | Became a worshipper of Warmaster Okawaru
  4081 | D:5      | Reached XP level 7. HP: 39/47 MP: 7/11
  4261 | D:5      | Reached skill level 1 in Fighting
  4312 | D:5      | HP: 2/48 [poisoned by a scorpion]
  4313 | D:5      | Reached skill level 9 in Stealth
  4314 | D:5      | Succumbed to a scorpion's poison

Illustrated notes

Levels and vault maps discovered:
D:1:      dpeg_arrival_castle, layout_basic, chequers_ecumenical_altar_simple
D:2:      layout_rooms, basic_altar, minmay_rat_gold_closets
D:3:      layout_basic, biasface_ghost_orc_armoury
D:4:      layout_cave_pools, grunt_temple_overflow_open, jmf_multi_god_temple2,
          makhleb_heckhound_becter, serial_shops, nicolae_shop_waterfront,
          uniq_duvessa
D:5:      layout_layer_cave, minmay_temple_entry_waves, uniq_grinder,
          uniq_edmund
Temple:   regret_index_temple_sphere_string

Skill      XL: |  1  2  3  4  5  6  7 |
---------------+----------------------+-----
Stealth        | 5 6 7 8 9 |  9.0
Hexes          | 5 6 7 |  7.3
Short Blades   | 2 3 |  3.2
Fighting       | 1 |  1.0
Spellcasting   | 3 |  3.0
Dodging        | |  2.7

Action                   |  1- 3 |  4- 6 |  7- 9 || total
-------------------------+-------+-------+-------++-------
Melee: Dagger            |   145 |   153 |    11 ||   309
       Bite              |    10 |    12 |       ||    22
 Cast: Corona            |     4 |     1 |     1 ||     6
       Confusing Touch   |     4 |    19 |     2 ||    25
 Abil: Exsanguinate      |       |       |     1 ||     1
  Use: Potion            |       |       |     3 ||     3
 Stab: Sleeping          |    21 |     6 |     1 ||    28
       Confused          |     4 |    10 |     1 ||    15
       Distracted        |     1 |       |       ||     1
Armor: Robe              |    18 |    19 |       ||    37
Dodge: Dodged            |    66 |    79 |     3 ||   148

Table legend: (Time is in decaauts)
 A = Elapsed time spent in this place.
 B = Non-inter-level travel time spent in this place.
 C = Inter-level travel time spent in this place.
 D = Time resting spent in this place.
 E = Time spent auto-exploring this place.
 F = Levels seen in this place.
 G = Mean time per level.
                   A        B        C        D        E       F      G
               +--------+--------+--------+--------+--------+-----+--------+
         Total |   4295 |   4150 |    145 |     59 |   2990 |   6 |  715.8 |
       Dungeon |   4064 |   3985 |     79 |     59 |   2828 |   5 |  812.8 |
        Temple |    230 |    164 |     66 |      0 |    162 |   1 |  230.0 |
               +--------+--------+--------+--------+--------+-----+--------+

Top non-repeatable levels by time:
     D:3: 1327 daAuts
     D:1: 838 daAuts
     D:5: 664 daAuts
     D:4: 626 daAuts
     D:2: 607 daAuts
  Temple: 230 daAuts
